cohdb
Replays
Latest Replays
All Replays
Popular Replays
Top Player Replays
Match Explorer
How It Works
Community
CoH3 Stats
Reddit
Sign in to upload your games and track your stats! →
Sign in with Steam
Match 44090981
Unlisted
Match 44090981
Overview
Messages
Build Orders
End
Selects Luftwaffe Battlegroup
Selects Luftwaffe Pioneer Support
Fallschirmpioneer Squad Paradrop
Construct Infanterie Kompanie
MG 42 Machine Gun Team
Grenadier Squad
Construct Panzergrenadier Kompanie
Selects LG40 Recoilless Gun Paradrop
Panzergrenadier Squad
Panzergrenadier Squad
Medical Station
Support Elements
StuG III G Assault Gun
Panzergrenadier Squad
StuG III G Assault Gun
Selects Infantry Reserves
Selects Stuka Strafing Run
StuG III G Assault Gun
StuG III G Assault Gun
Side Skirts
Selects Fallschirmjäger Squad Paradrop
Panzergrenadier Officer Quarters
Selects Stuka Loiter
Selects Stuka Loiter
Stuka Loiter
Nexon
Troll_Prezes
DrewP
Dillbro
0
0
Comments
sign in to comment!
No comments posted yet!